 Dungeon Crawl Stone Soup version 0.27.1-34-g3ba077fa99 (webtiles) character file.

Game seed: 3058449556334376453

13 Descartes the Grasshopper (level 2, 0/13 HPs)
             Began as a Felid Warper on Jan 18, 2022.
             Slain by a bat (1 damage)
             ... on level 1 of the Dungeon.
             The game lasted 00:01:56 (997 turns).

Descartes the Grasshopper (Felid Warper)             Turns: 997, Time: 00:01:57

Health: 0/13       AC:  1    Str:  7    XL:     2   Next: 24%
Magic:  6/6        EV: 18    Int: 14    God:
Gold:   41         SH:  0    Dex: 15    Spells: 5/5 levels left
                                        Lives:  0   Deaths: 0

rFire    . . .     SeeInvis +     - Unarmed
rCold    . . .     Faith    .   (shield unavailable)
rNeg     . . .     Spirit   .   (armour unavailable)
rPois    .         Reflect  .   (helmet unavailable)
rElec    .         Harm     .   (cloak unavailable)
rCorr    .         Rampage  .   (gloves unavailable)
Will     .....                  (boots unavailable)
Stlth    +.........             (no amulet)
HPRegen  0.04/turn              (no ring)
MPRegen  0.10/turn              (no ring)

@: quick
A: very small, claws 1, fangs 3, see invisible, speed 1, shaggy fur 1, stealthy
paws, no weapons or thrown items, no armour, multi-lived
a: no special abilities


You were on level 1 of the Dungeon.
You visited 1 branch of the dungeon, and saw 1 of its levels.

You collected 41 gold pieces.

Inventory:

Scrolls
 a - a scroll of blinking
 e - a scroll of teleportation {unknown}
Potions
 b - a potion of ambrosia {unknown}
 c - a potion of curing {unknown}
 d - 2 potions of lignification {unknown}


   Skills:
 - Level 2.0 Fighting
 + Level 3.8 Dodging
 + Level 2.5 Unarmed Combat
 - Level 2.0 Spellcasting
 - Level 4.4 Translocations


You had 5 spell levels left.
You didn't know any spells.
Your spell library contained the following spells:

 Spells                   Type           Power      Damage    Failure   Level
 Blink                    Tloc           N/A        N/A       6%          2
 Gell's Gravitas          Tloc           6%         N/A       12%         3
 Lesser Beckoning         Tloc           6%         N/A       12%         3
 Teleport Other           Tloc           13%        N/A       12%         3
 Manifold Assault         Tloc           13%        N/A       73%         5


Dungeon Overview and Level Annotations

Branches:
Dungeon (1/15)

Altars:


Innate Abilities, Weirdness & Mutations

You have sharp claws.
You have razor-sharp teeth.
You have supernaturally acute eyesight. (SInv)
You cover ground quickly. (Speed+)
You are covered in fur. (AC +1)
Your paws help you pounce on unaware monsters.
You are incapable of wielding weapons or throwing items.
You cannot wear armour.
You gain extra lives every three experience levels.


Message History

The bat misses you. The bat barely misses you. The bat misses you.
The bat barely misses you. The bat hits you. The bat completely misses you.
The bat completely misses you. The bat barely misses you.
The bat closely misses you. The bat completely misses you.
The bat hits you but does no damage. The bat hits you.
* * * LOW HITPOINT WARNING * * *
The bat misses you. The bat closely misses you.
You scratch the bat but do no damage. The bat closely misses you.
You miss the bat. The bat hits you but does no damage.
The bat completely misses you. The bat misses you. The bat misses you.
You miss the bat. The bat hits you.
* * * LOW HITPOINT WARNING * * *
The bat completely misses you.
You scratch the bat.
The bat is moderately wounded.
The bat completely misses you. The bat barely misses you.
The bat hits you but does no damage. The bat misses you. The bat hits you.
* * * LOW HITPOINT WARNING * * *
The bat hits you but does no damage. The bat misses you. The bat hits you.
* * * LOW HITPOINT WARNING * * *
The bat barely misses you. The bat closely misses you.
The bat closely misses you. The bat hits you.
You die...

##+##
###################...#
.................'..#.##
##################.#...#
###.### ##.# ###### #..#
.....# ############.##
.....# #.......b@...#
.....###..J...#######
####..........#
####.)(....####
...........#
...........#
...........#
...........#
...........#


You could see an endoplasm and a bat.

Vanquished Creatures
  A dart slug (D:1)
  A quokka (D:1)
  A ball python (D:1)
  3 bats (D:1)
  A frilled lizard (D:1)
  A goblin (D:1)
  2 kobolds (D:1)
  3 rats (D:1)
13 creatures vanquished.

Notes
Turn   | Place    | Note
-------+----------+-------------------------------------------
     0 | D:1      | Descartes the Felid Warper began the quest for the Orb.
     0 | D:1      | Reached XP level 1. HP: 9/9 MP: 4/4
   542 | D:1      | Reached XP level 2. HP: 13/13 MP: 6/6
   997 | D:1      | Slain by a bat

Illustrated notes

Levels and vault maps discovered:
D:1:      elethiomel_arrival_fortress_basement, layout_basic, serial_shops,
          nicolae_shop_window_shopping

Action                   || total
-------------------------++-------
Melee: Unarmed           ||    54
       Bite              ||     4
Armor: Skin              ||     7
Dodge: Dodged            ||    68
